 Dungeon Crawl Stone Soup version 0.26.1-11-gd32895ea62 (webtiles) character file.

Game seed: 14370681228681248387

1964446 Kagerou the Eviscerator (level 25, 242/252 (279) HPs)
             Began as a Felid Delver on May 20, 2021.
             Was the Champion of Ru.
             Escaped with the Orb
             ... and 4 runes!
             The game lasted 06:38:35 (93315 turns).

Kagerou the Eviscerator (Felid Delver)             Turns: 93315, Time: 06:38:35

HP:   242/252 (279) AC: 16    Str: 18    XL:     25
MP:   35/35         EV: 23    Int: 19    God:    Ru [******]
Gold: 4765          SH:  5    Dex: 22    Spells: 3/46 levels left
                                        Lives: 2   Deaths: 1

rFire    + + .     SeeInvis +     - Unarmed
rCold    x . .     Faith    .   (shield unavailable)
rNeg     . . .     Spirit   .   (armour unavailable)
rPois    +         Reflect  +   (helmet unavailable)
rElec    .         Harm     .   (cloak unavailable)
rCorr    .         Rampage  .   (gloves unavailable)
Will     ++++.                  (boots unavailable)
Stlth    ..........             R - amulet of reflection
HPRegen  0.52/turn              M - ring of willpower
MPRegen  0.24/turn              B - +4 ring of slaying

@: berserking, dragon-form, flying, studying Stealth, drained, very quick
A: giant, no armour, no weapons or thrown items, stealth, see invisible, low mp
1, hated by all, MP-powered wands, unskilled 1, inexperienced 1, missing an eye
0: Orb of Zot
}: 4/15 runes: decaying, serpentine, slimy, abyssal
a: Breathe Fire, Stop Flying, End Transformation, Renounce Religion, Draw Out
Power, Power Leap, Apocalypse


You escaped.
You worshipped Ru.
Ru was exalted by your worship.
You were a fearsome dragon!
You visited 11 branches of the dungeon, and saw 54 of its levels.
You visited the Abyss 1 time.

You collected 8752 gold pieces.
You spent 3987 gold pieces at shops.

Inventory:

Jewellery
 b - an uncursed amulet of guardian spirit
 c - an uncursed ring of resist corrosion
 e - a +4 ring of evasion
 f - an uncursed ring of fire
 i - an uncursed ring of ice
 p - a +4 ring of protection
 r - an uncursed ring of flight
 B - a +4 ring of slaying (right foreclaw)
 I - the ring "Zeghu" {*Drain rPois rC++ Int+9 Dex-3}
   (You found it on level 3 of the Depths)

   [ring of poison resistance]

   It affects your intelligence (+9).
   It affects your dexterity (-3).
   It greatly protects you from cold.
   It protects you from poison.
   It causes draining when unequipped.
 M - a ring of willpower (left foreclaw)
 N - the ring "Icick" {+Inv rElec rC+ Dex-3 SInv}
   (You found it on level 5 of the Pits of Slime)

   [ring of protection from cold]

   It affects your dexterity (-3).
   It protects you from cold.
   It insulates you from electricity.
   It lets you see invisible.
   It lets you turn invisible.
 R - an amulet of reflection (around neck)
 U - the ring of the Monkey's Uncle {rElec rF- Will+ Str+2 Int+6}
   (You found it on level 3 of the Elven Halls)

   [ring of intelligence]

   It affects your strength (+2).
   It affects your intelligence (+6).
   It makes you vulnerable to fire.
   It insulates you from electricity.
   It affects your willpower, your defense against some magical effects.
 W - an uncursed ring of wizardry
 Y - an uncursed amulet of magic regeneration
 Z - an uncursed amulet of the acrobat
Wands
 d - a wand of digging (30)
 n - a wand of polymorph (22)
 q - a wand of iceblast (43)
 u - a wand of flame (37)
 D - a wand of acid (44)
 E - a wand of paralysis (20)
 J - a wand of random effects (19)
 L - a wand of disintegration (19)
Scrolls
 a - 10 scrolls of fog
 g - 27 scrolls of remove curse
 x - 3 scrolls of holy word
 y - 3 scrolls of blinking
 H - 7 scrolls of fear
 K - 29 scrolls of identify
 P - 18 scrolls of teleportation
 Q - 5 scrolls of immolation
 S - 7 scrolls of amnesia
 T - 4 scrolls of vulnerability
 V - a scroll of silence
Potions
 h - 6 potions of resistance
 j - 2 potions of cancellation
 k - 9 potions of flight
 l - 8 potions of brilliance
 m - 7 potions of lignification
 o - 19 potions of curing
 s - 6 potions of haste
 t - 7 potions of might
 v - 5 potions of heal wounds
 w - 8 potions of ambrosia
 z - 8 potions of berserk rage
 A - 3 potions of magic
 O - 7 potions of mutation
 X - 3 potions of invisibility
Books
 C - a manual of Stealth
Miscellaneous
 F - a lightning rod (4/4)
 G - a condenser vane


   Skills:
 + Level 19.2 Fighting
 + Level 23.1 Dodging
 - Level 12.0 Stealth
 * Level 25.3 Unarmed Combat
 - Level 11.0 Spellcasting
 - Level 2.1 Conjurations
 - Level 8.2 Hexes
 - Level 8.0 Translocations
 - Level 16.0 Transmutations
 - Level 4.0 Ice Magic
 - Level 4.0 Air Magic
 - Level 9.0 Earth Magic
 - Level 1.7 Poison Magic
 - Level 8.0 Evocations


You had 3 spell levels left.
You knew the following spells:

 Your Spells              Type           Power        Failure   Level
a - Apportation           Tloc           80%          1%          1
b - Blink                 Tloc           N/A          1%          2
g - Passage of Golubria   Tloc           N/A          2%          4
i - Ice Form              Ice/Tmut       48%          1%          4
m - Magic Dart            Conj           72%          2%          1
o - Mephitic Cloud        Conj/Pois/Air  20%          7%          3
p - Petrify               Tmut/Erth      55%          1%          4
s - Statue Form           Tmut/Erth      36%          6%          6
D - Dragon Form           Tmut           31%          8%          7
F - Cause Fear            Hex            20%          2%          4
S - Slow                  Hex            41%          1%          2
T - Confusing Touch       Hex            41%          1%          3
W - Passwall              Tmut/Erth      45%          1%          2

Your spell library contained the following spells:

 Spells                   Type           Power        Failure   Level
 Beastly Appendage        Tmut           100%         0%          1
 Wereblood                Tmut           63%          0%          2
 Corona                   Hex            45%          1%          1
 Swiftness                Air            25%          1%          2
 Gell's Gravitas          Tloc           20%          1%          3
 Ignite Poison            Fire/Tmut/Pois 32%          1%          3
 Lesser Beckoning         Tloc           20%          1%          3
 Spider Form              Tmut/Pois      22%          1%          3
 Poisonous Vapours        Pois/Air       42%          3%          2
 Inner Flame              Hex/Fire       26%          3%          3
 Foxfire                  Conj/Fire      56%          4%          1
 Static Discharge         Conj/Air       22%          5%          3
 Pain                     Necr           40%          7%          1
 Sublimation of Blood     Necr           5%           10%         2
 Conjure Flame            Conj/Fire      14%          13%         3
 Vampiric Draining        Necr           5%           21%         3
 Leda's Liquefaction      Hex/Erth       21%          1%          4
 Blade Hands              Tmut           31%          1%          5
 Yara's Violent Unravell  Hex/Tmut       27%          1%          5
 Alistair's Intoxication  Tmut/Pois      29%          4%          5
 Lee's Rapid Deconstruct  Erth           22%          4%          5
 Iskenderun's Mystic Bla  Conj/Tloc      29%          9%          4
 Metabolic Englaciation   Hex/Ice        16%          16%         5
 Silence                  Hex/Air        16%          16%         5
 Eringya's Noxious Bog    Tmut/Pois      22%          26%         6
 Olgreb's Toxic Radiance  Pois           17%          32%         4
 Dispersal                Tloc           20%          36%         6
 Sticky Flame             Conj/Fire      14%          38%         4
 Bolt of Magma            Conj/Fire/Erth 12%          38%         5
 Iskenderun's Battlesphe  Conj           18%          58%         5
 Iron Shot                Conj/Erth      15%          71%         6
 Fireball                 Conj/Fire      7%           75%         5
 Agony                    Necr           10%          88%         5
 Ozocubu's Refrigeration  Ice            12%          89%         6
 Freezing Cloud           Conj/Ice/Air   11%          95%         6
 Starburst                Conj/Fire      7%           100%        6
 Orb of Destruction       Conj           9%           100%        7
 Borgnjor's Revivificati  Necr           5%           100%        8
 Chain Lightning          Conj/Air       11%          100%        8
 Ignition                 Fire           5%           100%        8
 Lehudib's Crystal Spear  Conj/Erth      15%          100%        8
 Necromutation            Tmut/Necr      20%          100%        8
 Absolute Zero            Ice            12%          100%        9
 Death's Door             Necr           5%           100%        9
 Fire Storm               Conj/Fire      7%           100%        9
 Tornado                  Air            12%          100%        9
 Portal Projectile        Hex/Tloc       Unusable     N/A         3
 Summon Guardian Golem    Hex/Summ       Unusable     N/A         3
 Animate Skeleton         Necr           Unusable     N/A         1
 Summon Small Mammal      Summ           Unusable     N/A         1
 Call Imp                 Summ           Unusable     N/A         2
 Call Canine Familiar     Summ           Unusable     N/A         3
 Summon Ice Beast         Ice/Summ       Unusable     N/A         4
 Summon Lightning Spire   Summ/Air       Unusable     N/A         4
 Summon Forest            Summ/Tloc      Unusable     N/A         5
 Animate Dead             Necr           Unusable     N/A         4
 Summon Demon             Summ           Unusable     N/A         5
 Simulacrum               Ice/Necr       Unusable     N/A         6
 Shadow Creatures         Summ           Unusable     N/A         6
 Haunt                    Necr/Summ      Unusable     N/A         7
 Malign Gateway           Summ/Tloc      Unusable     N/A         7
 Spellforged Servitor     Conj/Summ      Unusable     N/A         7
 Infestation              Necr           Unusable     N/A         8
 Dragon's Call            Summ           Unusable     N/A         9

Dungeon Overview and Level Annotations

Branches:
Dungeon (15/15)            Temple (1/1) D:7            Lair (6/6) D:10
  Swamp (4/4) Lair:3        Snake (4/4) Lair:2        Slime (5/5) Lair:6
    Orc (2/2) D:11            Elf (3/3) Orc:2        Vaults (4/5) D:13
  Crypt (0/3) Vaults:2     Depths (5/5) D:15            Zot (5/5) Depths:5

Altars:
Ashenzari
Cheibriados
Dithmenos
Elyvilon
Fedhas
Gozag
Hepliaklqana
Kikubaaqudgha
Makhleb
Nemelex Xobeh
Okawaru
Qazlal
Ru
Sif Muna
Trog
Uskayaw
Vehumet
Wu Jian
Xom
Yredelemnul
Zin
The Shining One
Beogh
Jiyva
Lugonu

Shops:
D:6 }!   D:7 ((=   Orc:2 :[=?   Elf:2 *   Snake:1 (([}   Vaults:3 [
Depths:2 [!   Depths:5 }

Portals:
Hell: Depths:1 Depths:2 Depths:3 Depths:4 Depths:5
Abyss: Depths:3 Depths:4
Pandemonium: Depths:2 Depths:3 Depths:4 Depths:5

Annotations:
D:8 1 runed translucent door
D:9 exclusion: downstairs
Orc:2 exclusion: 4 upstairs
Elf:1 exclusion: eldritch tentacle segment
Vaults:1 1 runed translucent door, exclusion: door, Gahox's ghost, adept MiFi
Vaults:4 exclusion: 3 downstairs
Depths:1 exclusions: downstairs, eye of devastation and 2 shining eyes


Innate Abilities, Weirdness & Mutations

You cannot wear armour.
You are incapable of wielding weapons or throwing items.
Your paws allow you to move quietly. (Stealth)
((You have sharp claws.))
((You have razor-sharp teeth.))
You have supernaturally acute eyesight. (SInv)
((You cover ground quickly.))
Your magical capacity is low. (-10% MP)
((Your thick and shaggy fur keeps you warm. (AC +3, rC+)))
You are hated by all.
You are somewhat unskilled. (-1 Apt)
You are somewhat inexperienced. (-2 XL)
((Your sharp claws are effective at attacking unaware monsters.))
You are missing an eye, making it more difficult to aim.
((You have a pair of small antennae on your head.))
((You are partially covered in icy blue scales. (AC +2)))
You expend magic power (3 MP) to strengthen your wands.


Message History

The Orb Guardian is heavily wounded.
The Orb Guardian hits you!
You bite the Orb Guardian!! You bite the Orb Guardian.
The Orb Guardian is severely wounded.
The Orb Guardian hits you.
You focus your inner power and blind the Orb Guardian in retribution!
You bite the Orb Guardian!!
You kill the Orb Guardian!
You see here a +0 short sword.
There is a staircase leading out of the dungeon here.
You start resting.
Magic restored.
Unknown command.
You start resting.
A Hell Sentinel comes into view.
Unknown command.
A red film seems to cover your vision as you go berserk!
You feel yourself moving faster!
You feel mighty!
You feel a strong urge to attack something.
You have escaped!

##)#...###..##....##
#(.####
#.#.(...#...###..##
#..# ##
###.#...##..####.#.#
#..# #.
#......###..# #...##
#..# #. #.######
#..###...# #..###.
#.# #...#(...#
#..##.. #.#
##.....### #.....)
#.# #....## ##.###.
#.# #.D..# #....P
#.# ##...## #####.
#.# #.#.1## #.....
#.##########.#...#
####.####
#..........#..#..#
#....#
##########(#..##.##
###..####
#..#.....###........
##.##....)...##.####
#.####.###.###.####


You could see a Hell Sentinel.

Vanquished Creatures
  the Royal Jelly (Slime:5)
  Dissolution (Slime:3)
  3 ancient liches (Zot:5)
  3 orbs of fire
  2 juggernauts
  A Killer Klown (Zot:5)
  A curse toe (Zot:2)
  Frederick (Depths:5)
  Saint Roka (Vaults:3)
  Margery (Depths:4)
  5 caustic shrikes
  3 golden dragons
  2 electric golems
  11 tentacled monstrosities
  20 Orb Guardians
  Rupert (Lair:4)
  2 deep elf blademasters
  6 liches
  3 quicksilver dragons
  2 deep elf master archers (Elf:3)
  3 sphinxes
  2 tentacled starspawn
  20 acid blobs
  5 death cobs
  Agnes (Snake:1)
  Kirke (Lair:5)
  3 tengu reavers
  12 azure jellies
  Donald (Swamp:4)
  9 storm dragons
  A thorn hunter (Swamp:3)
  An azure jelly (shapeshifter) (Vaults:1)
  8 nagarajas
  5 draconian monks
  A fenstrider witch (Swamp:4)
  4 deep elf sorcerers (Elf:3)
  4 fire giants
  5 frost giants
  An iron dragon (Depths:4)
  2 ghost moths
  4 draconian knights
  A draconian shifter (Zot:1)
  6 vault wardens
  A balrug (Abyss:2)
  Aizul (Snake:1)
  An orc warlord (Orc:2)
  5 deep elf elementalists (Elf:3)
  A draconian scorcher (Zot:4)
  5 draconian annihilators
  2 spriggan defenders
  A ghoul (Vaults:4)
  30 very ugly things
  6 ironheart preservers
  15 stone giants
  An entropy weaver (Vaults:3)
  6 purple draconians
  5 black draconians
  5 green draconians
  2 deep elf demonologists (Elf:3)
  A lorocyproca (Depths:2)
  8 red draconians
  A spark wasp (Depths:1)
  9 deep elf annihilators
  4 bunyips
  5 yellow draconians
  10 white draconians
  5 eleionomae
  3 deep elf death magi
  16 ettins
  2 death oozes
  A blizzard demon (Depths:5)
  11 ogre magi
  20 fire dragons
  3 deep elf high priests
  A quicksilver dragon skeleton (Abyss:3)
  3 vault guards
  A shambling mangrove (Swamp:4)
  37 hydras
  12 yaktaur captains
  9 great orbs of eyes
  11 ice dragons
  10 boulder beetles
  9 rakshasas
  15 naga warriors
  2 spriggan air magi
  10 anacondas
  14 centaur warriors
  31 dancing weapons
  9 death yaks
  3 death knights
  2 alligators (Swamp:2)
  29 two-headed ogres
  7 tengu warriors
  13 deep troll earth magi
  16 deep troll shamans
  9 shock serpents
  An orc high priest (Orc:1)
  2 vampire magi
  3 thrashing horrors
  17 naga sharpshooters
  5 sun demons
  Sonja (Lair:1)
  11 spriggan berserkers
  15 spriggans
  The ghost of Tiagovsky the Skirmisher, a novice DrFE (D:5)
  3 soul eaters
  25 deep elf knights
  17 hell knights
  A shadow wraith (Vaults:3)
  9 sea snakes
  15 skeletal warriors
  24 large abominations
  A fire crab (shapeshifter) (Depths:1)
  2 salamander mystics (Depths:4)
  A wretched star (Abyss:2)
  3 sixfirhies
  9 swamp dragons
  2 spriggan druids
  2 iron trolls
  An obsidian statue (Depths:1)
  7 wizards
  6 goliath frogs
  An unseen horror (shapeshifter) (Elf:2)
  2 shadow demons
  4 flayed ghosts
  2 unseen horrors
  48 deep trolls
  8 naga ritualists
  18 starcursed masses
  9 bog bodies
  2 death drakes
  17 deep elf archers
  8 glowing orange brains
  2 gelid demonspawn
  An infernal demonspawn (Depths:2)
  13 ironbrand convokers
  4 harpies (Vaults:3)
  7 lindwurms
  6 necromancers
  7 orc knights
  5 wolf spiders
  61 ugly things
  22 mana vipers
  4 will-o-the-wisps
  A wolf spider (shapeshifter) (Depths:2)
  2 shining eyes
  5 oklob plants
  10 orc sorcerers
  3 cyclopes
  95 deep elf magi
  A manticore (D:14)
  23 salamanders
  A worldbinder (Abyss:1)
  A stone giant skeleton (D:15)
  A salamander (shapeshifter) (D:14)
  12 guardian serpents
  9 moths of wrath
  3 rust devils
  An apocalypse crab (Depths:3)
  33 black mambas
  An eye of devastation (Slime:2)
  5 vault sentinels
  A smoke demon (Depths:5)
  5 torpor snails (Lair:6)
  A torpor snail (shapeshifter) (Vaults:2)
  12 cane toads
  7 centaur zombies
  21 naga magi
  2 orange demons
  5 centaur skeletons
  A gargoyle (D:14)
  4 rime drakes
  A spriggan zombie (D:15)
  59 yaktaurs
  15 komodo dragons
  4 ice devils
  A yaktaur (shapeshifter) (Depths:1)
  An efreet (D:13)
  10 freezing wraiths
  A hellion (Zot:5)
  2 kobold demonologists (D:11)
  4 hellwings (Depths:5)
  2 ancient zymes
  8 red devils
  A hydra zombie (Abyss:2)
  A queen bee (shapeshifter) (Vaults:3)
  5 tengu conjurers
  A jumping spider (Vaults:3)
  A silent spectre (Abyss:3)
  A queen bee (D:13)
  A troll (shapeshifter) (Depths:1)
  A jumping spider (shapeshifter) (Depths:5)
  28 hornets
  8 trolls
  17 tyrant leeches
  A polar bear (Lair:2)
  3 meliai (D:13)
  2 wind drakes (Depths:5)
  4 dream sheep (Lair:4)
  2 raiju
  57 slime creatures
  Grinder (D:4)
  A raiju (shapeshifter) (D:14)
  A frost giant simulacrum (Vaults:3)
  39 blink frogs
  3 air elementals (Elf:1)
  An ettin skeleton (D:15)
  2 redbacks (Elf:1)
  A shapeshifter (Depths:3)
  A ynoxinul (D:3)
  An ettin zombie (D:15)
  2 tarantellas (Elf:1)
  6 wraiths
  4 vampires
  6 water elementals
  44 yaks
  4 hogs
  A basilisk (shapeshifter) (Vaults:4)
  6 basilisks
  A fire bat (Abyss:2)
  10 wyverns
  2 fire elementals
  4 golden eyes
  2 neqoxecs
  3 chaos spawn
  13 vampire mosquitoes
  13 swamp worms
  2 spatial vortices (Elf:1)
  A naga (shapeshifter) (Vaults:3)
  7 wargs
  Menkaure (D:4)
  62 nagas
  A soldier ant (D:12)
  5 acid dragons
  A floating eye (Abyss:3)
  2 hell hounds (Depths:5)
  27 water moccasins
  16 swamp drakes
  5 ice beasts
  A hornet zombie (D:10)
  42 orc warriors
  A sky beast (Elf:1)
  2 black bears (D:7)
  A boulder beetle simulacrum (Vaults:2)
  2 eyes of draining
  3 phantoms
  An ice dragon simulacrum (Abyss:2)
  A black bear (shapeshifter) (Vaults:3)
  17 ogres
  10 boggarts
  18 centaurs
  8 big kobolds
  Blork the orc (D:5)
  17 bullfrogs
  A wyvern zombie (D:15)
  4 earth elementals
  6 scorpions
  14 killer bees (D:13)
  A vampire bat (Elf:1)
  3 wights (D:14)
  4 howler monkeys
  5 electric eels (D:15)
  9 crimson imps
  2 bullfrog zombies
  A lava snake (D:14)
  3 quasits
  Crazy Yiuf (D:4)
  3 bullfrog skeletons
  13 small abominations
  7 hounds
  3 iron imps
  22 orc priests
  3 jellies
  7 iguanas
  36 orc wizards
  12 human skeletons (Vaults:3)
  4 lightning spires (Elf:1)
  3 worker ants
  2 hound zombies (D:8)
  4 human simulacra
  4 hound skeletons
  A howler monkey zombie (D:8)
  A gnoll (D:2)
  17 adders
  3 shadow imps
  20 white imps
  An ufetubus (Depths:4)
  An ooze (Lair:6)
  2 adder skeletons (D:5)
  An adder zombie (D:5)
  2 worms
  2 dart slugs
  8 leopard geckos
  121 orcs
  2 ball pythons
  5 giant cockroaches
  10 goblins
  7 hobgoblins
  12 jackals
  4 quokkas
  7 bats
  12 frilled lizards
  A jackal skeleton (D:4)
  21 kobolds
  A leopard gecko skeleton (D:4)
  A leopard gecko zombie (D:8)
  6 rats
  6 bushes (Depths:5)
  2 crawling corpses (Vaults:2)
  4 fire vortices (D:9)
  2 starspawn tentacles (Depths:3)
2439 creatures vanquished.

Vanquished Creatures (others)
  Nikola (Swamp:2)
  An Orb Guardian (Zot:5)
  2 fire giants (Depths:4)
  A very ugly thing (Depths:5)
  A bunyip (Swamp:4)
  A deep elf annihilator (Elf:3)
  A yaktaur captain (Vaults:4)
  A deep elf high priest (Elf:3)
  A hydra (Lair:1)
  A centaur warrior (D:15)
  A tengu warrior (Depths:4)
  An alligator (Swamp:2)
  A spriggan berserker (Swamp:4)
  A naga sharpshooter (Snake:4)
  A deep elf mage (Elf:1)
  An ugly thing (Vaults:3)
  A salamander (Depths:4)
  A worldbinder (Abyss:3)
  A black mamba (Elf:1)
  3 yaktaurs
  A hellwing (Depths:5)
  A tyrant leech (Swamp:2)
  4 bloated husks
  A slime creature (Slime:2)
  A redback (Elf:1)
  A hog (Lair:5)
  2 nagas (Snake:4)
  A swamp worm (Swamp:2)
  A shadow imp (Depths:5)
  An orc (Orc:2)
  A quokka (D:8)
  A kobold (D:8)
  A ball lightning (Elf:1)
  A briar patch (Swamp:4)
  59 bushes
  3 demonic plants (Abyss:2)
  2 foxfires (Swamp:3)
  49 fungi
  3 lurking horrors
  203 plants
  7 starspawn tentacles
  10 withered plants (D:15)
377 creatures vanquished.

Grand Total: 2816 creatures vanquished

Notes
Turn   | Place    | Note
-------+----------+-------------------------------------------
     0 | D:5      | Kagerou the Felid Delver began the quest for the Orb.
     0 | D:5      | Reached XP level 1. HP: 10/10 MP: 2/2
    46 | D:6      | Noticed an ice beast
    80 | D:5      | Noticed an ice beast
   131 | D:4      | Noticed Grinder
   565 | D:2      | Reached XP level 2. HP: 14/14 MP: 3/3
   645 | D:2      | Reached skill level 3 in Unarmed Combat
   661 | D:2      | Found a hide-covered altar of Uskayaw.
  1288 | D:1      | Reached XP level 3. HP: 17/17 MP: 4/4
  1959 | D:2      | Found a glowing golden altar of the Shining One.
  2170 | D:2      | Reached skill level 4 in Unarmed Combat
  2175 | D:2      | EnegeticOcto: testing out fede for the streak? :)
  2175 | D:2      | Kagerou: Yep, exactly.
  2175 | D:2      | EnegeticOcto: good luck!
  2175 | D:2      | Kagerou: Haven't touched the game in years, even control
                  | are foreign.
  2175 | D:2      | Kagerou: Thanks!
  2175 | D:2      | EnegeticOcto: haha
  2193 | D:2      | EnegeticOcto: just wait til you find all the spells that
                  | have changed
  2194 | D:2      | Kagerou: I hope Invis is still there.
  2225 | D:2      | EnegeticOcto: it is
  2247 | D:2      | EnegeticOcto: but no confuse
  2250 | D:2      | Kagerou: Well sh*t.
  2351 | D:2      | EnegeticOcto: confusing touch is lvl 3 and checks mr
  2464 | D:2      | Kagerou: Massive nerf.
  2464 | D:2      | Kagerou: Is Statue Form okay?
  2519 | D:2      | EnegeticOcto: yes
  2533 | D:2      | Kagerou: Then there's still a chance.
  2643 | D:3      | EnegeticOcto: in trunk there is also a lvl 5 tloc spell
                  | that lets you melee attack 2-4 random enemies on the
                  | screen, quite silly with dragonform
  2672 | D:3      | EnegeticOcto: also in trunk EV is buffed (no more 22 dex
                  | breakpoint)
  2672 | D:3      | Kagerou: Sounds like a perfect fit but i'm not in trunk.
  2673 | D:3      | Reached XP level 4. HP: 16/21 MP: 5/5
  2752 | D:3      | EnegeticOcto: I think someone got like 100+ EV
  2753 | D:3      | EnegeticOcto: with spider form
  2949 | D:3      | Kagerou: My Shift-walk doesn't work, what do?
  3025 | D:3      | EnegeticOcto: num lock?
  3048 | D:2      | Kagerou: Yep.
  3353 | D:3      | Found a sacrificial altar of Ru.
  3373 | D:3      | Became a worshipper of Ru the Awakened
  3438 | D:3      | Reached skill level 5 in Unarmed Combat
  3438 | D:3      | Reached XP level 5. HP: 24/24 MP: 6/6
  4017 | D:4      | Learned a level 1 spell: Apportation
  4019 | D:4      | Learned a level 1 spell: Animate Skeleton
  4025 | D:4      | Found a stormy altar of Qazlal.
  4253 | D:3      | Reached skill level 1 in Evocations
  4417 | D:3      | Reached skill level 2 in Evocations
  4529 | D:4      | Found a sparkling altar of Nemelex Xobeh.
  4906 | D:4      | Gained mutation: You are covered in thick fur. (AC +2)
                  | [Felid growth]
  4906 | D:4      | Reached XP level 6. HP: 15/28 MP: 7/7
  5175 | D:5      | Noticed Blork the orc
  5183 | D:5      | Killed Blork the orc
  5184 | D:5      | Reached skill level 6 in Unarmed Combat
  5184 | D:5      | Reached skill level 3 in Evocations
  5203 | D:5      | Gained mutation: You are hated by all. [Ru sacrifice]
  5203 | D:5      | Reached * piety under Ru
  5422 | D:5      | Noticed an ice beast
  5538 | D:5      | Killed an ice beast
  5646 | D:5      | Found a large runed translucent door.
  5647 | D:5      | Found a large runed translucent door.
  5651 | D:5      | Noticed Tiagovsky's ghost (novice DrFE)
  5672 | D:5      | Found an iron altar of Okawaru.
  5675 | D:5      | Found a bloodstained altar of Trog.
  6021 | D:4      | Killed an ice beast
  6022 | D:4      | Reached skill level 4 in Evocations
  6022 | D:4      | Reached XP level 7. HP: 15/31 MP: 8/8
  6362 | D:5      | Reached skill level 7 in Unarmed Combat
  6660 | D:5      | Reached skill level 5 in Evocations
  6787 | D:5      | Found a burning altar of Makhleb.
  6788 | D:5      | Found a white marble altar of Elyvilon.
  6899 | D:6      | Found Nisakoco's Distillery.
  6914 | D:6      | Reached skill level 3 in Dodging
  7290 | D:6      | Reached skill level 4 in Dodging
  7290 | D:6      | Reached XP level 8. HP: 33/36 MP: 9/9
  7657 | D:6      | Bought a potion of flight for 30 gold pieces
  7657 | D:6      | Bought a potion of lignification for 30 gold pieces
  7657 | D:6      | Bought a potion of heal wounds for 50 gold pieces
  7664 | D:6      | Reached skill level 4 in Fighting
  7795 | D:6      | Reached skill level 8 in Unarmed Combat
  7805 | D:6      | Reached skill level 5 in Dodging
  8031 | D:6      | Reached skill level 6 in Dodging
  8164 | D:5      | Learned a level 1 spell: Beastly Appendage
  8196 | D:6      | Found Zutaipia's Gadget Emporium.
  8254 | D:6      | Reached skill level 1 in Spellcasting
  8254 | D:6      | Reached skill level 1 in Transmutations
  8257 | D:6      | Learned a level 2 spell: Wereblood
  8399 | D:6      | Found an ornate altar of the Wu Jian Council.
  8502 | D:7      | Found a staircase to the Ecumenical Temple.
  8514 | D:7      | Reached skill level 2 in Transmutations
  8531 | Temple   | Entered the Ecumenical Temple
  8768 | D:7      | Learned a level 4 spell: Cause Fear
  8803 | D:7      | Reached skill level 1 in Hexes
  8811 | D:7      | Reached skill level 2 in Spellcasting
  8811 | D:7      | Reached skill level 2 in Hexes
  8831 | D:7      | Reached skill level 3 in Hexes
  8834 | D:7      | Found Hudwov's Antique Weapon Boutique.
  8846 | D:7      | Reached skill level 4 in Hexes
  9246 | D:7      | Found Hathroitz's Weapon Boutique.
  9440 | D:7      | Reached skill level 5 in Hexes
  9440 | D:7      | Reached XP level 9. HP: 39/39 MP: 12/14
  9541 | D:7      | Found Aduill's Jewellery Shop.
  9551 | D:7      | Bought a cursed ring of teleportation for 54 gold pieces
  9551 | D:7      | Bought a cursed ring of attention for 54 gold pieces
  9641 | D:7      | Reached skill level 3 in Spellcasting
  9793 | D:8      | Reached skill level 6 in Hexes
  9877 | D:8      | Found a glowing silver altar of Zin.
  9878 | D:8      | Noticed an angel
  9911 | D:8      | Reached skill level 7 in Hexes
  9941 | D:8      | Gained mutation: You are somewhat inexperienced. (-2 XL)
                  | [Ru sacrifice]
  9941 | D:8      | Reached XP level 8. HP: 36/36 MP: 13/13
  9941 | D:8      | Reached XP level 7. HP: 32/32 MP: 12/12
  9941 | D:8      | Reached ** piety under Ru
  9941 | D:8      | Reached *** piety under Ru
  9973 | D:8      | Noticed a two-headed ogre
  9975 | D:8      | Killed a two-headed ogre
  9976 | D:8      | Reached skill level 8 in Hexes
  9976 | D:8      | Reached skill level 5 in Transmutations
  9976 | D:8      | Reached XP level 8. HP: 36/36 MP: 13/13
  9980 | D:8      | Learned a level 3 spell: Spider Form
 10109 | D:8      | Found a runed translucent door.
 10226 | D:8      | Reached skill level 6 in Transmutations
 10556 | D:9      | Reached skill level 9 in Hexes
 10700 | D:9      | Found an opulent altar of Gozag.
 10942 | D:9      | Reached skill level 7 in Transmutations
 11096 | D:9      | Reached XP level 9. HP: 39/39 MP: 14/14
 11650 | D:10     | Entered Level 10 of the Dungeon
 11655 | D:10     | Noticed an unseen horror
 11792 | D:10     | Killed an unseen horror
 11793 | D:10     | Reached skill level 1 in Poison Magic
 12253 | D:10     | Reached skill level 4 in Spellcasting
 12342 | D:10     | Reached skill level 8 in Transmutations
 12342 | D:10     | Reached skill level 2 in Poison Magic
 12347 | D:10     | Learned a level 4 spell: Ice Form
 12465 | D:10     | Reached skill level 1 in Ice Magic
 12496 | D:10     | Noticed a centaur warrior
 12634 | D:10     | Reached skill level 5 in Spellcasting
 12654 | D:10     | Reached skill level 2 in Ice Magic
 12654 | D:10     | Reached XP level 10. HP: 29/42 MP: 14/18
 12666 | D:10     | Reached skill level 3 in Ice Magic
 12682 | D:10     | Found a staircase to the Lair.
 12682 | D:10     | Noticed a sphinx
 12714 | Lair:1   | Entered Level 1 of the Lair of Beasts
 12718 | Lair:1   | You fall into a shaft and drop 1 floor!
 12818 | Lair:2   | Learned a level 2 spell: Slow
 12832 | Lair:1   | Noticed a seven-headed hydra
 12833 | Lair:1   | Noticed Sonja
 12895 | Lair:2   | Reached skill level 9 in Transmutations
 13054 | Lair:2   | Found a staircase to the Snake Pit.
 13091 | Lair:2   | Noticed a cane toad
 13122 | Lair:2   | Noticed a cane toad
 13654 | Lair:2   | Reached skill level 7 in Dodging
 13674 | Lair:2   | Killed a cane toad
 13675 | Lair:2   | Reached skill level 5 in Fighting
 13675 | Lair:2   | Reached skill level 9 in Unarmed Combat
 14036 | Lair:2   | Reached XP level 11. HP: 39/47 MP: 15/19
 14318 | Lair:2   | Noticed a six-headed hydra
 14583 | Lair:2   | Noticed a five-headed hydra
 14830 | Lair:2   | Learned a level 2 spell: Blink
 14844 | Lair:3   | Reached skill level 8 in Dodging
 15156 | Lair:3   | Reached skill level 10 in Unarmed Combat
 15322 | Lair:3   | Noticed a death yak
 15386 | Lair:3   | Reached skill level 6 in Fighting
 15965 | Lair:3   | Noticed a death yak
 16658 | Lair:3   | Noticed a death yak
 16658 | Lair:3   | Noticed a death yak
 16658 | Lair:3   | Noticed a death yak
 16762 | Lair:4   | Reached skill level 9 in Dodging
 17194 | Lair:4   | Reached skill level 11 in Unarmed Combat
 17393 | Lair:4   | Reached skill level 7 in Fighting
 17596 | Lair:4   | Noticed Rupert
 18018 | Lair:4   | Gained mutation: Your thick and shaggy fur keeps you warm.
                  | (AC +3, rC+) [Felid growth]
 18018 | Lair:4   | Reached XP level 12. HP: 54/54 MP: 17/20
 18220 | Lair:5   | Noticed Kirke
 18441 | Lair:5   | Noticed a five-headed hydra
 18483 | Lair:5   | Reached skill level 10 in Dodging
 18556 | Lair:5   | Noticed a five-headed hydra
 18939 | Lair:5   | Noticed an eight-headed hydra
 18958 | Lair:5   | Gained mutation: You are somewhat unskilled. (-1 Apt) [Ru
                  | sacrifice]
 18958 | Lair:5   | Reduced skill Fighting to level 6
 18958 | Lair:5   | Reduced skill Dodging to level 9
 18958 | Lair:5   | Reduced skill Unarmed Combat to level 10
 18958 | Lair:5   | Reduced skill Spellcasting to level 4
 18958 | Lair:5   | Reduced skill Hexes to level 8
 18958 | Lair:5   | Reduced skill Transmutations to level 8
 18958 | Lair:5   | Reduced skill Ice Magic to level 2
 18958 | Lair:5   | Reduced skill Poison Magic to level 1
 18958 | Lair:5   | Reduced skill Evocations to level 4
 18958 | Lair:5   | Reached **** piety under Ru
 18958 | Lair:5   | Reached ***** piety under Ru
 19116 | Lair:5   | Killed an eight-headed hydra
 19116 | Lair:5   | Killed a five-headed hydra
 19117 | Lair:5   | Reached skill level 7 in Fighting
 19117 | Lair:5   | Reached skill level 11 in Unarmed Combat
 19547 | Lair:6   | Entered Level 6 of the Lair of Beasts
 19547 | Lair:6   | Noticed a four-headed hydra
 19552 | Lair:6   | Killed a four-headed hydra
 19829 | Lair:5   | Reached skill level 10 in Dodging
 20101 | Lair:6   | Noticed a five-headed hydra
 20186 | Lair:6   | Killed a five-headed hydra
 20187 | Lair:6   | Reached skill level 7 in Stealth
 20187 | Lair:6   | Reached skill level 12 in Unarmed Combat
 20192 | Lair:6   | Killed a five-headed hydra
 20193 | Lair:6   | Reached skill level 8 in Fighting
 20362 | Lair:6   | Noticed a six-headed hydra
 20509 | Lair:6   | Killed a six-headed hydra
 20510 | Lair:6   | Reached skill level 9 in Transmutations
 20510 | Lair:6   | Reached XP level 13. HP: 41/56 MP: 11/21
 20657 | Lair:6   | Found a runed translucent door.
 20658 | Lair:6   | Found a viscous altar of Jiyva.
 20658 | Lair:6   | Found a staircase to the Slime Pits.
 20970 | Lair:6   | Reached skill level 5 in Spellcasting
 21109 | Lair:5   | Learned a level 3 spell: Mephitic Cloud
 21266 | Lair:6   | Found a runed translucent door.
 21266 | Lair:6   | Noticed a fire dragon
 21283 | Lair:6   | Reached skill level 1 in Conjurations
 21283 | Lair:6   | Reached skill level 1 in Air Magic
 21289 | Lair:6   | Paralysed by a hornet for 1 turns
 21962 | Lair:6   | Reached skill level 2 in Conjurations
 21962 | Lair:6   | Reached skill level 2 in Air Magic
 22292 | Lair:5   | Killed Kirke
 22293 | Lair:5   | Reached skill level 3 in Ice Magic
 22571 | Lair:5   | Reached skill level 3 in Air Magic
 22725 | Lair:5   | Reached skill level 8 in Stealth
 22979 | Lair:5   | Reached skill level 4 in Ice Magic
 23108 | Lair:5   | Reached skill level 9 in Stealth
 23108 | Lair:5   | Reached skill level 4 in Air Magic
 23575 | Lair:3   | Reached skill level 10 in Stealth
 24133 | Lair:1   | Reached skill level 1 in Translocations
 24226 | Lair:1   | Reached skill level 2 in Translocations
 24492 | Lair:1   | Reached skill level 3 in Translocations
 24630 | Lair:1   | Killed Sonja
 24631 | Lair:1   | Reached skill level 4 in Translocations
 24786 | Lair:1   | Reached skill level 5 in Translocations
 25424 | D:10     | Killed a sphinx
 25425 | D:10     | Reached skill level 6 in Spellcasting
 25425 | D:10     | Reached XP level 14. HP: 53/62 MP: 14/24
 26559 | D:5      | Killed Tiagovsky's ghost
 26667 | D:4      | Noticed Menkaure
 26677 | D:4      | Killed Menkaure
 26975 | D:4      | Found a runed translucent door.
 26976 | D:4      | Noticed Crazy Yiuf
 27081 | D:4      | Killed Crazy Yiuf
 27180 | D:4      | Killed Grinder
 27419 | D:2      | Learned a level 5 spell: Blade Hands
 27748 | D:11     | Found a staircase to the Orcish Mines.
 27770 | D:11     | Reached skill level 7 in Spellcasting
 28896 | D:12     | Reached skill level 10 in Transmutations
 29002 | D:12     | Found a shadowy altar of Dithmenos.
 29438 | D:12     | Reached skill level 5 in Evocations
 30095 | Orc:1    | Entered Level 1 of the Orcish Mines
 31018 | Orc:2    | Entered Level 2 of the Orcish Mines
 31787 | Orc:2    | Found a staircase to the Elven Halls.
 31901 | Orc:1    | Reached skill level 6 in Evocations
 32746 | Orc:2    | Reached skill level 13 in Unarmed Combat
 32851 | Orc:2    | Found a roughly hewn altar of Beogh.
 33035 | Orc:2    | Noticed an orc warlord
 33076 | Orc:2    | Killed an orc warlord
 33088 | Orc:2    | HP: 3/61 [troll (10)]
 33088 | Orc:2    | Mangled by a troll
 33089 | Orc:2    | Reached XP level 13. HP: -7/56 MP: 15/24
 33763 | Orc:2    | Found Reluh's Magic Scroll Shop.
 33763 | Orc:2    | Found Susintur's Antique Armour Boutique.
 33764 | Orc:2    | Found Kuanuf's Book Boutique.
 33767 | Orc:2    | Found Qer Ijoa's Jewellery Shop.
 33792 | Orc:2    | Bought a scroll of immolation for 49 gold pieces
 33794 | Orc:2    | Bought a cursed amulet of inaccuracy for 32 gold pieces
 33942 | Orc:2    | Bought Sif Muna's Almanac of Dusty Companions for 886 gold
                  | pieces
 33944 | Orc:2    | Bought an uncursed ring of wizardry for 480 gold pieces
 34068 | D:7      | Bought an uncursed ring of willpower for 300 gold pieces
 35947 | D:13     | Reached XP level 14. HP: 63/63 MP: 26/26
 35957 | D:13     | Found a gate to the Vaults.
 35959 | D:13     | Reached skill level 8 in Spellcasting
 37082 | D:14     | Reached skill level 9 in Spellcasting
 37108 | D:14     | Learned a level 6 spell: Statue Form
 37382 | D:14     | Reached skill level 1 in Earth Magic
 37800 | D:14     | Reached skill level 2 in Earth Magic
 38265 | D:14     | Reached skill level 3 in Earth Magic
 38711 | D:14     | Reached skill level 4 in Earth Magic
 38797 | D:15     | Entered Level 15 of the Dungeon
 39077 | D:15     | Reached skill level 5 in Earth Magic
 40183 | D:15     | Found a staircase to the Depths.
 40213 | D:15     | Reached skill level 6 in Earth Magic
 40947 | D:15     | Reached skill level 11 in Transmutations
 40947 | D:15     | Reached XP level 15. HP: 66/66 MP: 29/29
 41383 | Lair:3   | Found a staircase to the Swamp.
 41397 | Swamp:1  | Entered Level 1 of the Swamp
 41708 | Swamp:1  | Reached skill level 7 in Earth Magic
 42041 | Snake:1  | Entered Level 1 of the Snake Pit
 42301 | Snake:1  | Noticed Agnes
 42310 | Snake:1  | Reached skill level 12 in Transmutations
 42312 | Snake:1  | Killed Agnes
 42313 | Snake:1  | Reached skill level 8 in Earth Magic
 42398 | Snake:1  | Noticed Aizul
 42682 | Snake:2  | Reached skill level 13 in Transmutations
 43062 | Snake:2  | Reached skill level 14 in Transmutations
 43169 | Snake:2  | Reached XP level 16. HP: 70/70 MP: 25/30
 43726 | Snake:2  | You fall into a shaft and drop 1 floor!
 43931 | Snake:2  | Gained mutation: Your magical capacity is low. (-10% MP)
                  | [Ru sacrifice]
 44195 | Snake:1  | Reached skill level 11 in Dodging
 44197 | Snake:1  | Killed Aizul
 44713 | Snake:1  | Found Nese Cuat's Antique Weapon Shoppe.
 44713 | Snake:1  | Found Hual's Weapon Shoppe.
 44714 | Snake:1  | Found Alash's Armour Shoppe.
 44717 | Snake:1  | Found Seutz's Gadget Shoppe.
 45339 | Snake:3  | Gained mutation: You are missing an eye, making it more
                  | difficult to aim. [Ru sacrifice]
 45339 | Snake:3  | Reached ****** piety under Ru
 45340 | Snake:3  | Kagerou: ??amulet_of_faith
 45340 | Snake:3  | beem: amulet of faith[1/2]: Piety increases one quarter
                  | faster. Yes, this means you get more gifts. Ru offers
                  | sacrifices more quickly; Xom has more dynamic piety and
                  | acts more often; no effect with Gozag. Removing the amulet
                  | reduces your piety by 1/3.
 45691 | Snake:3  | Reached skill level 11 in Stealth
 46072 | Snake:3  | Reached skill level 9 in Fighting
 46215 | Snake:3  | Reached skill level 14 in Unarmed Combat
 47286 | Snake:4  | Entered Level 4 of the Snake Pit
 47494 | Snake:4  | Reached skill level 12 in Dodging
 47750 | Snake:4  | Reached XP level 17. HP: 63/74 MP: 26/28
 48113 | Snake:4  | Reached skill level 12 in Stealth
 48812 | Snake:4  | Identified the +11 glaive "Muozigas" {vorpal, Int+5}
 49545 | Snake:4  | Reached skill level 10 in Fighting
 49545 | Snake:4  | Reached skill level 15 in Unarmed Combat
 49564 | Snake:4  | Got a serpentine rune of Zot
 50236 | Swamp:1  | Learned a level 4 spell: Petrify
 50241 | Swamp:1  | Learned a level 3 spell: Confusing Touch
 50396 | Swamp:2  | Reached skill level 13 in Dodging
 50872 | Swamp:2  | Found the +8 autumn katana {vorpal, Clar}
 50952 | Swamp:2  | Noticed Nikola
 50966 | Swamp:2  | Killed Nikola
 51574 | Swamp:3  | Found a blossoming altar of Fedhas.
 52565 | Swamp:4  | Entered Level 4 of the Swamp
 53040 | Swamp:4  | Reached XP level 18. HP: 81/81 MP: 28/28
 53240 | Swamp:4  | Reached skill level 16 in Unarmed Combat
 53355 | Swamp:4  | Reached skill level 11 in Fighting
 53434 | Swamp:4  | Noticed Donald
 53443 | Swamp:4  | Reached skill level 14 in Dodging
 53443 | Swamp:4  | Killed Donald
 53903 | Swamp:4  | Got a decaying rune of Zot
 54166 | Swamp:4  | Learned a level 1 spell: Magic Dart
 54861 | Lair:4   | Killed Rupert
 55296 | Vaults:1 | Entered Level 1 of the Vaults
 56047 | Vaults:1 | Found a hide-covered altar of Uskayaw.
 56304 | Vaults:1 | Found a runed translucent door.
 56304 | Vaults:1 | Found a shimmering altar of Xom.
 56304 | Vaults:1 | Noticed Gahox's ghost (adept MiFi)
 56304 | Vaults:1 | Identified the +4 battleaxe "Wuyggiax" {chaos, rF+}
 56879 | Vaults:2 | Reached skill level 17 in Unarmed Combat
 56967 | Vaults:2 | Reached skill level 15 in Dodging
 57340 | Vaults:2 | Found a stormy altar of Qazlal.
 57400 | Vaults:2 | Reached skill level 12 in Fighting
 57400 | Vaults:2 | Reached XP level 19. HP: 87/87 MP: 29/29
 59220 | Vaults:2 | Found a staircase to the Crypt.
 59764 | Vaults:3 | Reached skill level 18 in Unarmed Combat
 60054 | Vaults:3 | Noticed Saint Roka
 60081 | Vaults:3 | Reached skill level 16 in Dodging
 60084 | Vaults:3 | Killed Saint Roka
 61081 | Vaults:3 | Found Xeidgh's Antique Armour Boutique.
 61327 | Vaults:4 | Reached skill level 13 in Fighting
 61384 | Vaults:4 | Reached XP level 20. HP: 64/86 MP: 30/30
 63473 | Orc:2    | Bought an uncursed amulet of reflection for 480 gold pieces
 63609 | D:6      | Bought 2 potions of resistance for 200 gold pieces
 63728 | Elf:1    | Entered Level 1 of the Elven Halls
 64049 | Elf:1    | Reached skill level 19 in Unarmed Combat
 64469 | Elf:1    | Reached skill level 17 in Dodging
 64676 | Elf:1    | Identified Sif Muna's Tome of Dislocation
 64687 | Elf:1    | Learned a level 4 spell: Passage of Golubria
 66051 | Elf:1    | Identified the Collected Works on Contamination
 66164 | Elf:1    | Identified the Volume of Transformation
 66489 | Elf:1    | Identified the Incunabulum of Feathers
 66545 | Elf:2    | Found an ancient bone altar of Kikubaaqudgha.
 67082 | Elf:2    | Found Soteh's Mayhem Merchandise.
 67161 | Elf:2    | Found a huge runed translucent gate.
 67161 | Elf:2    | Found a huge runed translucent gate.
 67161 | Elf:2    | Found a huge runed translucent gate.
 67162 | Elf:2    | Found a huge runed translucent gate.
 67165 | Elf:2    | Found a huge runed translucent gate.
 67210 | Elf:2    | Reached skill level 14 in Fighting
 67940 | Elf:2    | Reached XP level 21. HP: 96/96 MP: 28/31
 68262 | Elf:3    | Entered Level 3 of the Elven Halls
 68660 | Elf:3    | Reached skill level 20 in Unarmed Combat
 68690 | Elf:3    | Reached skill level 18 in Dodging
 69360 | Elf:3    | Reached skill level 15 in Fighting
 69365 | Elf:3    | Reached skill level 7 in Evocations
 69480 | Elf:3    | Found the +0 mask of the Dragon {Will+ Slay+3 SInv}
 69484 | Elf:3    | Found the +6 arbalest "Damnation" {damnation}
 69489 | Elf:3    | Got a coiled iron amulet
 69496 | Elf:3    | Identified Noja's Incunabulum of Transformation and the
                  | Traveller
 69498 | Elf:3    | Identified Hats's Collected Works on Noxious Feathers
 69503 | Elf:3    | Learned a level 2 spell: Passwall
 69790 | Elf:3    | Identified the amulet "Axzeth" {Inacc rC+ Will+} (You found
                  | it on level 3 of the Elven Halls)
 69792 | Elf:3    | Identified the ring of the Monkey's Uncle {rElec rF- Will+
                  | Str+2 Int+6} (You found it on level 3 of the Elven Halls)
 70229 | Slime:1  | Entered Level 1 of the Pits of Slime
 70546 | Slime:1  | Reached skill level 8 in Evocations
 70551 | Slime:1  | Reached skill level 6 in Translocations
 70798 | Slime:3  | Noticed Dissolution
 70800 | Slime:3  | Killed Dissolution
 70801 | Slime:3  | Reached skill level 7 in Translocations
 70801 | Slime:3  | Reached skill level 9 in Earth Magic
 70899 | Slime:2  | Gained mutation: Your body sometimes deteriorates upon
                  | taking damage. [a shining eye]
 71322 | Slime:5  | Entered Level 5 of the Pits of Slime
 71328 | Slime:5  | Reached skill level 8 in Translocations
 71344 | Slime:5  | Reached skill level 15 in Transmutations
 71345 | Slime:5  | Noticed the Royal Jelly
 71347 | Slime:5  | Found a viscous altar of Jiyva.
 71382 | Slime:5  | Killed the Royal Jelly
 71383 | Slime:5  | Reached XP level 22. HP: 89/105 MP: 21/32
 72506 | Slime:5  | Gained mutation: Potions are less effective at restoring
                  | your health. [a shining eye]
 72589 | Slime:5  | Gained mutation: You tend to lose your temper in combat. [a
                  | shining eye]
 72724 | Slime:4  | Lost mutation: Potions are less effective at restoring your
                  | health. [potion of mutation]
 72724 | Slime:4  | Lost mutation: Your body sometimes deteriorates upon taking
                  | damage. [potion of mutation]
 72724 | Slime:4  | Gained mutation: Your spells are a little easier to cast,
                  | but a little less powerful. [potion of mutation]
 72724 | Slime:4  | Gained mutation: You are partially covered in icy blue
                  | scales. (AC +2) [potion of mutation]
 72725 | Slime:4  | Lost mutation: You tend to lose your temper in combat.
                  | [potion of mutation]
 72725 | Slime:4  | Lost mutation: Your spells are a little easier to cast, but
                  | a little less powerful. [potion of mutation]
 72725 | Slime:4  | Gained mutation: You have a pair of small antennae on your
                  | head. [potion of mutation]
 72725 | Slime:4  | Gained mutation: You expend magic power (3 MP) to
                  | strengthen your wands. [potion of mutation]
 72770 | Slime:5  | Got a slimy rune of Zot
 72778 | Slime:5  | Got a steaming bronze ring
 72779 | Slime:5  | Identified the ring "Icick" {+Inv rElec rC+ Dex-3 SInv}
                  | (You found it on level 5 of the Pits of Slime)
 72870 | Slime:5  | Identified the Grimoire of Calling and Dark Rituals
 73191 | Depths:1 | Entered Level 1 of the Depths
 73354 | Depths:1 | Kagerou: ??dmsl
 73354 | Depths:1 | beem: deflect missiles[1/3]: A level 6 Charms/Air spell
                  | that helps you dodge enemy ranged attacks (by reducing
                  | their to-hit roll (for evasion purposes only) *TO* a random
                  | amount between: 0% and 66% for penetrating beams, 0% and
                  | 50% for single-target missiles). In the books of
                  | Enchantments and Sky. Overrides Repel Missiles (rMsl).
 73354 | Depths:1 | Kagerou: ??dmsl[3]
 73354 | Depths:1 | beem: deflect missiles[3/3]: < [Hanged_Man]> The storm dragon breathes
                  | lightning at you! You deflect the bolt of lightning! You
                  | deflect the bolt of lightning! You deflect the bolt of
                  | lightning! You deflect the bolt of lightning!
 73354 | Depths:1 | Kagerou: ??dmsl[2]
 73354 | Depths:1 | beem: repel missiles[2/2]: Reduces incoming missile to-hit
                  | roll (for evasion purposes only) *TO* a random amount
                  | between: 50% and 100% for penetrating beams, 0% and 100%
                  | for single-target missiles.
 73354 | Depths:1 | Kagerou: ??rmsl
 73354 | Depths:1 | beem: repel missiles[1/2]: Active effect that reduces the
                  | chance for enemy ranged attacks to hit you. Granted by the
                  | L2 Charms/Air spell, with a chance to lose the status for
                  | each hit repelled. In 0.20, the spell is removed and the
                  | {repulsion} {scarf} ego grants the status when worn.
 73880 | Depths:1 | You fall into a shaft and drop 1 floor!
 73881 | Depths:2 | Noticed a caustic shrike
 73881 | Depths:2 | Noticed a caustic shrike
 73881 | Depths:2 | Noticed a caustic shrike
 73881 | Depths:2 | Noticed a caustic shrike
 73881 | Depths:2 | Killed a caustic shrike
 73883 | Depths:2 | Killed a caustic shrike
 73885 | Depths:2 | Killed a caustic shrike
 73887 | Depths:2 | Killed a caustic shrike
 74462 | Depths:1 | Reached skill level 16 in Transmutations
 74481 | Depths:1 | Reached skill level 10 in Spellcasting
 74496 | Depths:1 | Found a gateway to Hell.
 75014 | Depths:1 | Noticed a juggernaut
 75021 | Depths:1 | Killed a juggernaut
 75357 | Depths:1 | Reached skill level 11 in Spellcasting
 75365 | Depths:1 | Learned a level 7 spell: Dragon Form
 76258 | Depths:2 | Found Wiluc's Distillery.
 76264 | Depths:2 | Found Setoewk's Armour Shop.
 76294 | Depths:2 | Bought a potion of heal wounds for 55 gold pieces
 76294 | Depths:2 | Bought 2 potions of berserk rage for 110 gold pieces
 76294 | Depths:2 | Bought a potion of curing for 33 gold pieces
 76294 | Depths:2 | Bought a potion of might for 44 gold pieces
 76294 | Depths:2 | Bought 2 potions of mutation for 176 gold pieces
 76321 | Depths:2 | Reached XP level 23. HP: 109/109 MP: 35/35
 76339 | Depths:2 | Found a glowing golden altar of the Shining One.
 76921 | Depths:2 | Found a one-way gate leading to the halls of Pandemonium.
 77034 | Depths:2 | Reached skill level 21 in Unarmed Combat
 77089 | Depths:2 | Reached skill level 19 in Dodging
 78669 | Depths:3 | Found a corrupted altar of Lugonu.
 78999 | Depths:3 | Reached skill level 16 in Fighting
 79217 | Depths:3 | Found a one-way gate to the infinite horrors of the Abyss.
 79575 | Depths:3 | Found a transporter.
 79576 | Depths:3 | Found a transporter.
 81210 | Depths:3 | Identified the ring "Zeghu" {*Drain rPois rC++ Int+9 Dex-3}
                  | (You found it on level 3 of the Depths)
 81284 | Depths:3 | Voluntarily entered the Abyss.
 81651 | Abyss:2  | Found a corrupted altar of Lugonu.
 82043 | Abyss:2  | Found a corrupted altar of Lugonu.
 82727 | Abyss:3  | Found a corrupted altar of Lugonu.
 82727 | Abyss:3  | Found a corrupted altar of Lugonu.
 82783 | Abyss:3  | Found a corrupted altar of Lugonu.
 82797 | Abyss:3  | Reached XP level 24. HP: 115/115 MP: 31/35
 82868 | Abyss:3  | Got an abyssal rune of Zot
 82879 | Abyss:3  | Reached skill level 22 in Unarmed Combat
 83096 | Depths:3 | Escaped the Abyss
 83140 | Depths:4 | Reached skill level 20 in Dodging
 84716 | Depths:4 | Reached skill level 17 in Fighting
 85738 | Depths:4 | Noticed Margery
 85758 | Depths:4 | Killed Margery
 86570 | Depths:5 | Entered Level 5 of the Depths
 87007 | Depths:5 | Found Irusoeme's Gadget Shoppe.
 87027 | Depths:5 | Reached skill level 23 in Unarmed Combat
 87074 | Depths:5 | Reached skill level 21 in Dodging
 87199 | Depths:5 | Reached XP level 25. HP: 121/121 MP: 35/35
 87209 | Depths:5 | Bought a wand of paralysis (7) for 189 gold pieces
 87209 | Depths:5 | Bought a wand of acid (9) for 546 gold pieces
 87209 | Depths:5 | Bought a wand of iceblast (5) for 189 gold pieces
 87411 | Depths:5 | Noticed a juggernaut
 87418 | Depths:5 | Killed a juggernaut
 87420 | Depths:5 | Noticed Frederick
 88252 | Depths:5 | Killed Frederick
 89153 | Depths:5 | Found a gate to the Realm of Zot.
 89450 | Zot:1    | Entered Level 1 of the Realm of Zot
 89536 | Zot:1    | Reached skill level 18 in Fighting
 90224 | Zot:3    | Reached skill level 24 in Unarmed Combat
 90331 | Zot:4    | Noticed an orb of fire
 90340 | Zot:3    | Killed an orb of fire
 90341 | Zot:3    | Reached skill level 22 in Dodging
 90766 | Zot:5    | Entered Level 5 of the Realm of Zot
 91643 | Zot:5    | Noticed an ancient lich
 91742 | Zot:5    | Noticed a Killer Klown
 91758 | Zot:5    | Killed a Killer Klown
 91763 | Zot:5    | Killed an ancient lich
 91845 | Zot:5    | Noticed an orb of fire
 91913 | Zot:5    | Killed an orb of fire
 91918 | Zot:5    | Noticed an orb of fire
 91924 | Zot:5    | Killed an orb of fire
 91933 | Zot:5    | Noticed an ancient lich
 92015 | Zot:5    | Killed an ancient lich
 92050 | Zot:5    | Reached skill level 19 in Fighting
 92050 | Zot:5    | Reached skill level 25 in Unarmed Combat
 92087 | Zot:5    | Reached skill level 23 in Dodging
 92139 | Zot:5    | Got the Orb of Zot
 92173 | Zot:5    | Noticed an ancient lich
 92188 | Zot:5    | Killed an ancient lich
 92209 | Zot:5    | Noticed a seraph
 92752 | D:15     | Noticed Hining the pandemonium lord
 92893 | D:10     | Noticed Vehotok the pandemonium lord
 92905 | D:9      | Noticed Xass the pandemonium lord
 93067 | D:8      | Noticed a seraph
 93161 | D:4      | Noticed Bemecvagg the pandemonium lord
 93315 | D:$      | Escaped with the Orb!

Illustrated notes

Levels and vault maps discovered:
D:1:      dpeg_arrival_round_c, layout_loops_ring, serial_bayou,
          serial_bayou_pond_d, serial_bayou_shore_b, serial_bayou_pond_b,
          serial_bayou_pond_a
D:2:      layout_loops_corners, eat_drink_and_be_merry_uskayaw, tso_metal_star
D:3:      layout_loops_ring, hangedman_ru_absence
D:4:      layout_basic, nicolae_qazlal_general_emergency,
          general_overflow_altar, uniq_crazy_yiuf_cottage, uniq_menkaure,
          uniq_grinder
D:5:      layout_loops_ring, nicolae_overflow_hidden_temple,
          ebering_ghost_disaster_area, uniq_blork_the_orc
D:6:      layout_cave_pools, kennysheep_little_box, serial_shops, shop,
          nicolae_shop_waterfront
D:7:      layout_loops_ring, minmay_temple_entry_slanted, serial_shops, shop,
          nicolae_shop_competitors_out_of_business, nicolae_shop_trees,
          minmay_unpleasant_kobolds
D:8:      layout_loops_ring, lemuel_angel_altar
D:9:      layout_irregular_city, nicolae_gozag_seed_capital, bh_circular_ruins
D:10:     nzn_winding_woodlands_medium [nzn_winding_woodlands_5x5_perimeter,
          nzn_winding_woodlands_5x15_pathside_ponds,
          nzn_winding_woodlands_5x5_cross, nzn_winding_woodlands_5x5_open_star,
          nzn_winding_woodlands_center_diamonds,
          nzn_winding_woodlands_hourglass, nzn_winding_woodlands_5x5_default,
          nzn_winding_woodlands_5x15_default,
          nzn_winding_woodlands_5x5_closed_star], layout_loops_ring,
          minmay_lair_entry_grove
D:11:     layout_basic, minmay_orc_entry_guard_dogs, wad_dig_loot
D:12:     layout_loops_corners, hangedman_glass_teeth,
          nicolae_dithmenos_through_a_glass_darkly
D:13:     layout_roguey, david_vaults_5, minivault_7
D:14:     layout_roguey [special_room_orc], enter_bailey_8,
          nicolae_lava_and_water
D:15:     gammafunk_depths_entry_grave, layout_gridville,
          hangedman_decor_lopped, serial_bayou, serial_bayou_lagoon_a,
          serial_bayou_ford_a, serial_bayou_shore_a, serial_bayou_shore_b,
          elves_outpost_lemuel
Temple:   minmay_temple_curvy_loop
Lair:1:   layout_cave_pods, minmay_holes, lemuel_fruit_tree, uniq_sonja
Lair:2:   layout_regular_city, minmay_snake_entry_six_corridors
Lair:3:   layout_chaotic_city, palyth_hydra_swamp_entry, gauntlet_entry_generic,
          infiniplex_staircase_pool_2, grunt_megastairs_3, lemuel_fruit_fields
Lair:4:   layout_small_grid, portal_ice_cave_entry_imps,
          chequers_serial_rivers_room_a, uniq_rupert
Lair:5:   minmay_lair_oklob_tunnel, layout_big_grid, uniq_kirke
Lair:6:   wormcave, layout_gridlike, slime_altar_2, kennysheep_basilisk_garden
Swamp:1:  layout_basic_swamp, evilmike_swamp_ruin_house_6
Swamp:2:  layout_basic_swamp, serial_swamp_ruin, evilmike_swamp_ruin_house_1,
          evilmike_swamp_ruin_house_3, evilmike_swamp_ruin_rubble_1, uniq_nikola
Swamp:3:  layout_basic_swamp, nicolae_swamp_feature_on_the_river_bank
Swamp:4:  swamp_basic_johnstein, layout_basic_swamp, infiniplex_staircase_pool,
          uniq_donald
Snake:1:  nicolae_snake_nest, layout_misc_corridors, minmay_shop_grid_forest,
          nrook_guardian_serpent_double, uniq_agnes, uniq_aizul
Snake:2:  layout_misc_corridors
Snake:3:  layout_grid_maze, grunt_megastairs_5
Snake:4:  grunt_snake_rune_pools, layout_cave_town, st_stairs_7
Slime:1:  layout_caves
Slime:2:  layout_caves
Slime:3:  layout_caves, dissolution_awaits
Slime:4:  layout_caves, amcnicky_altar_lugonu_corruption
Slime:5
Orc:1:    layout_caves
Orc:2:    st_orc_mages, layout_caves, basic_altar
Elf:1:    eino_elf_arrival_customs, layout_loops_corners,
          serial_hangedman_research, hangedman_research_toxicology,
          hangedman_research_quantum, hangedman_research_metamorphosis,
          hangedman_research_electronics, minivault_28, palyth_stone_intersect
Elf:2:    layout_gridlike, minmay_shop_mayhem, amcnicky_altar_gilded
Elf:3:    minmay_elf_hall_dome, layout_geoelf_octagon, grunt_ministairs_6,
          grunt_megastairs_2
Vaults:1: ebering_vaults_ghost_xom, nicolae_vaults_stairing_the_circle,
          hangedman_vaults_variations, vaults_room_stairs_pillars,
          v_alt_pattern_3, hangedman_vaults_impose,
          nicolae_vaults_ring_of_whatevers, nicolae_vaults_little_squares_4,
          hangedman_vaults_slice, v_pattern_2, vaults_room_pool,
          vaults_room_semicircle, layout_vaults_maze_snakey, basic_altar
Vaults:2: v_alt_pattern_6, minmay_crypt_entry_vampire_xt,
          nicolae_vaults_network_star, nicolae_vaults_arrows, v_misc_19,
          vaults_room_fours, v_misc_30, ontoclasm_vaults_twist, v_misc_16,
          grunt_vaults_twisty, nicolae_vaults_gold_heap, layout_vaults_omnibox,
          basic_altar
Vaults:3: v_misc_3, vaults_room_pool, vaults_mumra_chevron_long,
          grunt_vaults_hallway_long, hangedman_vaults_stream, v_alt_pattern_4,
          dpeg_vaults_monster_row, hangedman_vaults_stretched_pinwheel,
          ontoclasm_vaults_eye, ontoclasm_vaults_ring_small, v_misc_9,
          nicolae_vaults_little_squares_6, layout_vaults_ring, serial_shops,
          shop_statue, uniq_saint_roka
Vaults:4: hangedman_vaults_cutoff, nicolae_vaults_disjoint_gnomons,
          hangedman_vaults_capsules, v_alt_pattern_4, vaults_dpeg_encased_lava,
          ontoclasm_vaults_gateway, v_alt_pattern_4,
          ontoclasm_vaults_ring_square, vaults_room_door_ring,
          vaults_dpeg_hooks, nicolae_vaults_theta, hangedman_vaults_snaps,
          nicolae_vaults_little_squares_1, layout_vaults_big_cross
Depths:1: cell_vault, layout_gridlike, enter_ziggurat_d, serial_bayou_pond_b,
          grunt_hell_entry_demonic_statue, chequers_serial_rivers_marsh,
          patterned_corridor
Depths:2: kennysheep_room_grid, layout_basic, old_standard_altar,
          rand_demon_pan_entry_7, hell_entry, laboratory, minmay_shop_star
Depths:3: gammafunk_corrupted_shrine, layout_gridville, pan_entry, nrook_uturn,
          pf_vacation_house_of_asmodeus, abyss_entry_small_statue_room,
          infiniplex_staircase_trident
Depths:4: minmay_connected_boxes_in_corner, layout_basic,
          rand_demon_pan_entry_1, minmay_room_of_horrors,
          serial_sigils_hangedman_shear, pf_coc_iceberg,
          hangedman_stitches_earthworm, minmay_staircase_windowed_small,
          uniq_margery
Depths:5: lemuel_castle_with_subvaults [lemuel_castle_interior_carwin_1],
          layout_honeycomb, hellmouth_3, serial_shops, shop_statue,
          minmay_hedge_maze, grunt_pan_entry_spiral, uniq_frederick
Zot:1:    lemuel_halls_of_wrath, layout_misc_corridors, bh_zot_ikea_curve,
          skrybe_zot_glass_2
Zot:2:    layout_gridlike, gammafunk_ghost_necromancy
Zot:3:    circus_mu, layout_cathedral_of_symmetry
Zot:4:    layout_gridlike
Zot:5:    layout_basic

Skill      XL: |  1  2  3  4  5  6  7  8  9 10 11 12 13 14 15 16 17 18 19 20 21 22 23 24 25 |
---------------+----------------------------------------------------------------------------+-----
Unarmed Combat | 3 4 5 6 7 8 9 11 12 13 14 15 17 18 19 20 21 23 25 | 25.3
Evocations     | 2 4 5 4 6 8 |  8.0
Dodging        | 4 6 7 9 10 12 13 15 16 17 18 19 21 23 | 23.1
Fighting       | 4 5 7 8 9 10 12 13 14 15 16 17 19 | 19.2
Spellcasting   | 2 5 4 6 9 11 | 11.0
Transmutations | 5 7 8 9 9 11 14 15 16 | 16.0
Hexes          | 8 9 7 8 |  8.2
Poison Magic   | 2 1 |  1.7
Ice Magic      | 2 3 2 4 |  4.0
Stealth        | 7 10 11 12 | 12.0
Conjurations   | 2 |  2.1
Air Magic      | 4 |  4.0
Translocations | 5 8 |  8.0
Earth Magic    | 6 8 9 |  9.0

Action                   |  1- 3 |  4- 6 |  7- 9 | 10-12 | 13-15 | 16-18 | 19-21 | 22-24 | 25-27 || total
-------------------------+-------+-------+-------+-------+-------+-------+-------+-------+-------++-------
Melee: Unarmed           |    99 |   150 |   422 |   506 |  1535 |  1274 |  1432 |  1136 |   548 ||  7102
       Bite              |     6 |    16 |    53 |     6 |    95 |   124 |   122 |   127 |    63 ||   612
       Punch             |     3 |     2 |    19 |       |    66 |    97 |   111 |   125 |    59 ||   482
       Tailslap          |       |       |       |       |       |       |       |    97 |    67 ||   164
 Cast: Wereblood         |       |       |     5 |     3 |       |       |       |       |       ||     8
       Spider Form       |       |       |     6 |    14 |    12 |       |       |       |       ||    32
       Cause Fear        |       |       |     1 |     8 |     7 |     2 |     7 |     1 |     1 ||    27
       Ice Form          |       |       |       |    37 |    51 |       |       |       |       ||    88
       Mephitic Cloud    |       |       |       |       |    34 |     5 |     7 |     2 |     5 ||    53
       Blade Hands       |       |       |       |       |    31 |       |       |       |       ||    31
       Statue Form       |       |       |       |       |    19 |   104 |    96 |    56 |    21 ||   296
       Apportation       |       |       |       |       |       |     1 |     4 |     7 |    10 ||    22
       Petrify           |       |       |       |       |       |       |     2 |       |       ||     2
       Passage of Golubr |       |       |       |       |       |       |     1 |     1 |       ||     2
       Dragon Form       |       |       |       |       |       |       |       |    54 |    43 ||    97
       Passwall          |       |       |       |       |       |       |       |    32 |    12 ||    44
       Blink             |       |       |       |       |       |       |       |    10 |     6 ||    16
       Slow              |       |       |       |       |       |       |       |     1 |       ||     1
       Confusing Touch   |       |       |       |       |       |       |       |       |     2 ||     2
Invok: Sacrifice Love    |       |     1 |       |       |       |       |       |       |       ||     1
       Sacrifice Experie |       |       |     1 |       |       |       |       |       |       ||     1
       Draw Out Power    |       |       |       |     7 |    10 |     4 |     8 |    11 |     2 ||    42
       Reject Sacrifices |       |       |       |     1 |     3 |       |       |       |       ||     4
       Apocalypse        |       |       |       |     4 |    17 |    11 |     7 |     4 |     5 ||    48
       Sacrifice Skill   |       |       |       |     1 |       |       |       |       |       ||     1
       Power Leap        |       |       |       |       |     1 |       |       |       |       ||     1
       Sacrifice Essence |       |       |       |       |       |     1 |       |       |       ||     1
       Sacrifice an Eye  |       |       |       |       |       |     1 |       |       |       ||     1
 Abil: End Transformatio |       |       |       |    10 |     7 |     4 |     9 |    25 |    21 ||    76
       Breathe Fire      |       |       |       |       |       |       |       |    12 |     1 ||    13
Evoke: Wand              |       |    10 |     8 |     6 |     7 |       |     7 |     5 |     1 ||    44
       Lightning rod     |       |       |       |     1 |     2 |       |     2 |       |       ||     5
  Use: Scroll            |     8 |     5 |     3 |    10 |     8 |     4 |     9 |    11 |    11 ||    69
       Potion            |       |       |     3 |     3 |       |     3 |     3 |     6 |    12 ||    30
 Stab: Sleeping          |    18 |    14 |    15 |    11 |    49 |    16 |    52 |    40 |     5 ||   220
       Distracted        |     1 |       |     1 |     9 |    18 |    19 |    19 |    20 |    10 ||    97
       Paralysed         |       |       |     2 |     2 |    15 |    13 |     5 |    12 |     2 ||    51
       Invisible         |       |       |       |     2 |    20 |    13 |     6 |     6 |     6 ||    53
       Confused          |       |       |       |       |    29 |     5 |     3 |     3 |     8 ||    48
       Petrified         |       |       |       |       |       |       |     4 |       |       ||     4
Armor: Skin              |     8 |     2 |    13 |    21 |   149 |   334 |   255 |   204 |    83 ||  1069
Dodge: Dodged            |    45 |    75 |   308 |   339 |  1312 |  1913 |  1482 |   771 |   372 ||  6617
Block: Other             |       |       |       |       |       |       |   124 |   158 |    62 ||   344
       Reflection        |       |       |       |       |       |       |     3 |     7 |     6 ||    16
